Cogmind - Beta 10.1 @@@ ROGUE MODE // 2020.10.09 @ 14:04:16 Player: Demise Result: Self-destructed Performance ------------- Evolutions (2) 1000 Regions Visited (5) 1000 Robots Destroyed (116) 580 Value Destroyed (2720) 2720 Prototype IDs (5) 100 Alien Tech Used (0) 0 Bonus (154) 154 TOTAL SCORE: 5554 Bonus ------- Follower Combat Kills 162 Friendly Fire -8 Cogmind --------- Core Integrity 440/550 Matter 300/300 Energy 139/280 System Corruption 0% Temperature Cool (9) Movement Core (1050) Ox20 Location -8/Materials Parts ------- > --- POWER (1) -------- Cooled Ion Engine > --- PROPULSION (3) --- (None) > --- UTILITY (5) ------ Large Storage Unit Large Storage Unit Large Storage Unit Long-range Terrain Scanner > --- WEAPON (2) ------- EMP Blaster > --- INVENTORY (22) --- Ion Engine Improved Flight Unit Improved Flight Unit Improved Flight Unit Improved Flight Unit Improved Flight Unit High-capacity Matter Pod (200) Terrain Scan Processor Reactive Plating Hacking Suite Hacking Suite Improved EM Pulse Cannon Improved EM Pulse Cannon Improved EM Pulse Cannon Improved Assault Rifle Improved Assault Rifle Flak Cannon Improved Grenade Launcher Plasma Cutter Power Maul Peak State ------------ > --- POWER ------------ Cooled Ion Engine > --- PROPULSION ------- Carbon-fiber Leg Carbon-fiber Leg Carbon-fiber Leg > --- UTILITY ---------- Large Storage Unit Large Storage Unit Large Storage Unit Long-range Terrain Scanner Reactive Plating > --- WEAPON ----------- Beamcaster Improved EM Pulse Cannon > --- INVENTORY -------- Ion Engine Improved Flight Unit Improved Flight Unit Improved Flight Unit Improved Flight Unit Improved Flight Unit Improved Heat Sink High-capacity Matter Pod Terrain Scan Processor Reactive Plating Hacking Suite Hacking Suite Improved EM Pulse Cannon Improved EM Pulse Cannon Improved EM Pulse Cannon Improved Assault Rifle Improved Assault Rifle Flak Cannon EMP Blaster Improved Grenade Launcher Plasma Cutter Power Maul [Rating: 37] Favorites ----------- Power Cooled Ion Engine Engine Cooled Ion Engine Propulsion Light Treads Treads Light Treads Leg Carbon-fiber Leg Wheel Wheel Flight Unit Improved Flight Unit Utility Large Storage Unit Device Improved Heat Sink Storage Large Storage Unit Processor Signal Interpreter Protection Light Armor Plating Weapon Assault Rifle Energy Gun Electrolaser Energy Cannon Improved EM Pulse Cannon Ballistic Gun Assault Rifle Ballistic Cannon Flak Cannon Launcher Improved Grenade Launcher Special Weapon Mining Laser Impact Weapon Power Maul Build | -11 -10 -10 -9 -9 -8 ------- Run | Scr Mat Min Mat Min Mat Slots Evolved 4 | . . . 2 . 2 Power . | . . . . . . Propulsion 1 | . . . . . 1 Utility 3 | . . . 2 . 1 Weapon . | . . . . . . Parts Attached 94 | 3 18 8 39 16 10 Power 6 | . 1 1 3 1 . Engine 6 | . 1 1 3 1 . Core . | . . . . . . Reactor . | . . . . . . Propulsion 23 | 2 1 3 8 6 3 Treads 15 | 2 1 3 7 2 . Leg 3 | . . . . . 3 Wheel 2 | . . . . 2 . Hover . | . . . . . . Flight 3 | . . . 1 2 . Utility 22 | 1 5 . 12 2 2 Device 5 | . . . 3 . 2 Storage 7 | 1 4 . 2 . . Processor 1 | . 1 . . . . Hackware . | . . . . . . Protection 9 | . . . 7 2 . Artifact . | . . . . . . Weapon 43 | . 11 4 16 7 5 Energy Gun 13 | . 2 . 9 1 1 Energy Cannon 2 | . . . . . 2 Ballistic Gun 13 | . 6 4 1 2 . Ballistic Cannon 7 | . . . 4 3 . Launcher 3 | . . . 1 1 1 Special Weapon 4 | . 3 . 1 . . Impact Weapon 1 | . . . . . 1 Slashing Weapon . | . . . . . . Piercing Weapon . | . . . . . . Special Melee Weapon . | . . . . . . Unidentified Prototypes 3 | . . . 3 . . Parts Lost 20 | . 1 . 5 7 7 Power 1 | . . . . 1 . Propulsion 7 | . . . 1 3 3 Utility 6 | . . . 2 2 2 Weapon 6 | . 1 . 2 1 2 Highest Loss Streak 7 | . 1 . 2 3 7 Average Slot Usage (%) 98 | . 98 99 99 96 94 Engine 12 | . 14 14 10 10 9 Treads 21 | . 27 28 21 8 6 Wheel 1 | . . . . 7 6 Device 1 | . . . 4 . 9 Storage 28 | . 28 28 27 33 27 Protection 6 | . . . 11 11 7 Energy Gun 7 | . . 4 15 3 2 Ballistic Gun 10 | . 25 23 . 2 . Ballistic Cannon 4 | . . . 5 15 . Naked Turns . | . . . . . . Heaviest Build 82 | 16 43 45 71 78 82 Greatest Support 45 | 40 40 40 40 26 45 Greatest Overweight (x) 8 | . 1 1 3 7 8 Average Overweight (x) 1 | . . 1 1 4 5 Largest Inventory Capacity 22 | 8 16 16 22 22 22 Average Capacity 17 | 7 12 16 19 22 22 Most Carried 22 | 8 16 16 22 22 22 Average Carried 16 | 7 12 15 18 20 21 Final Capacity 22 | 8 16 16 22 22 22 Final Carried 22 | 8 16 16 22 22 20 Class Distribution -------------------- 49% | Mutant 38% | Hauler-Mutant 11% | Scavenger-Mutant Dominant Class ---------------- Mutant | -10/Materials Mutant | -10/Mines Hauler-Mutant | -9/Materials Hauler-Mutant | -9/Mines Hauler-Mutant | -8/Materials Resources | -11 -10 -10 -9 -9 -8 ----------- Run | Scr Mat Min Mat Min Mat Matter Collected 2855 | 330 659 376 805 605 80 Remotely . | . . . . . . Salvage Created 3610 | 310 870 302 1603 324 201 Parts 238 | 34 60 18 87 27 12 Haulers Intercepted 7 | . 2 . 5 . . Recyclers Shooed 1 | . 1 . . . . Parts Field Recycled . | . . . . . . Retrieved Matter . | . . . . . . Parts Self-Destructed . | . . . . . . Prevented . | . . . . . . Kills | -11 -10 -10 -9 -9 -8 ------- Run | Scr Mat Min Mat Min Mat Combat Hostiles Destroyed 77 | . 18 10 25 19 5 Melee 1 | . . . 1 . . Guns 43 | . 18 8 16 1 . Cannons 26 | . . . 7 15 4 AOE 6 | . . 2 1 3 . Classes Destroyed 15 | 3 6 . 2 3 1 Worker 5 | 2 1 1 . 1 . Builder 4 | . 3 . . 1 . Tunneler 9 | 9 . . . . . Hauler 7 | . 2 . 5 . . Recycler 6 | 1 1 . 4 . . Operator 4 | . 2 . 2 . . Watcher 4 | . 2 . 1 . 1 Swarmer 24 | . 6 5 3 7 3 Grunt 38 | . 12 5 15 6 . Brawler 2 | . . . . 2 . Duelist 2 | . . . 1 1 . Sentry 6 | . . . 6 . . Demolisher 2 | . . . . 2 . Hunter 2 | . . . . . 2 Assembled 1 | . . . . 1 . Best Kill Streak 6 | 4 4 3 6 4 3 Combat Bots Only 4 | . 3 3 4 3 3 Max Kills in Single Turn 3 | 1 2 3 2 2 1 Gunslinging 1 | . 1 1 1 . . Exploded 2 | . . 2 1 1 . Melee 1 | . . . 1 . . Uniques/NPCs Destroyed . | . . . . . . Combat | -11 -10 -10 -9 -9 -8 -------- Run | Scr Mat Min Mat Min Mat Damage Taken 3967 | . 566 289 1439 884 789 Core 364 | . 68 56 51 79 110 Absorbed by Shields . | . . . . . . Core Remaining (%) 72 | 100 . 50 . 67 . Volleys Fired 273 | 25 90 14 91 39 14 Largest 2 | 2 2 2 2 2 2 Hottest 144 | 40 100 80 131 119 144 Shots Fired 521 | 50 172 28 174 72 25 Gun 412 | 50 169 28 148 12 5 Cannon 94 | . . . 20 56 18 Launcher 6 | . . . . 4 2 Special 9 | . 3 . 6 . . Kinetic 322 | 50 169 24 20 59 . Thermal 154 | . 3 . 137 9 5 Explosive 4 | . . . . 4 . Electromagnetic 41 | . . 4 17 . 20 Robot Hit Streak 29 | 9 15 3 29 10 9 Robot Miss Streak 12 | 2 3 4 6 12 1 Penetration Max . | . . . . . . Secondary Targets 7 | . 2 3 2 . . Max Gunslinging Chain 1 | . 1 1 1 . . Shots Hit Robots 356 | 30 115 16 123 52 20 Core Hits 212 | 17 43 17 64 56 15 Critical Hits 4 | . 3 1 . . . Critical Kills 2 | . 1 1 . . . Critical Parts Destroyed 2 | . 2 . . . . Melee Attacks 1 | . . . . . 1 Impact 1 | . . . . . 1 Slashing . | . . . . . . Piercing . | . . . . . . Sneak Attacks . | . . . . . . Combat Hostiles . | . . . . . . Follow-up Attacks . | . . . . . . Damage Inflicted 6147 | 350 1462 328 2149 1095 763 Guns 3891 | 350 1305 250 1819 82 85 Cannons 1494 | . . . 244 816 434 Explosions 745 | . 157 78 77 197 236 Melee . | . . . . . . Ramming 17 | . . . 9 . 8 Kinetic 2930 | 350 1305 215 244 816 . Thermal 2126 | . 157 78 1724 82 85 Explosive 197 | . . . . 197 . Electromagnetic 877 | . . 35 172 . 670 Impact . | . . . . . . Slashing . | . . . . . . Piercing . | . . . . . . Highest Corruption 3 | . . . 3 3 . Average Corruption 2 | . . . 2 3 . Corruption Purged . | . . . . . . Effects 60 | . . . 37 23 . Message Errors 17 | . . . 9 8 . Matter Fused 25 | . . . 15 10 . Heat Flow Errors 4 | . . . 4 . . Energy Discharges 7 | . . . 5 2 . Data Loss (minor) 3 | . . . 2 1 . Targeting Errors 4 | . . . 2 2 . Overload Shots . | . . . . . . Overflow Damage 134 | . 54 . . 7 73 Projectiles 73 | . . . . . 73 Explosions 61 | . 54 . . 7 . Melee . | . . . . . . Knockbacks 23 | . . . 9 14 . Impact . | . . . . . . Kinetic 21 | . . . 9 12 . Secondary 2 | . . . . 2 . Self-Inflicted Damage 228 | . 100 . 72 . 56 Shots 6 | . 1 . 2 . 3 Rammed 2 | . . . 2 . . Targets Rammed 3 | . . . 2 . 1 Kicked 1 | . . . . . 1 Crushed . | . . . . . . Highest Temperature 362 | . 24 30 362 234 300 Average Temperature 85 | . 10 8 99 54 112 Received Heat Transfer 1239 | . 171 117 450 150 351 Effects 6 | . . . 3 . 3 Interference 5 | . . . 2 . 3 Matter Decay 1 | . . . 1 . . Siege Activations . | . . . . . . Robots Corrupted 1 | . . . . . 1 Combat Hostiles 1 | . . . . . 1 Parts Fried 4 | . . . 1 . 3 Impact Corruptions . | . . . . . . Robots Melted . | . . . . . . Combat Hostiles . | . . . . . . Parts Melted 4 | . 1 . 3 . . Heat Transferred 3802 | . 100 50 3356 148 148 Parts Sabotaged . | . . . . . . Parts Stolen . | . . . . . . Parts Stripped . | . . . . . . Power Chain Reactions 3 | . . 1 2 . . Missiles Intercepted . | . . . . . . Alert | -11 -10 -10 -9 -9 -8 ------- Run | Scr Mat Min Mat Min Mat Peak Influence 414 | 60 228 219 414 286 395 Initial 161 | . 39 5 85 161 83 Average 173 | 34 85 72 277 180 237 Maximum Alert Level 2 | . 1 1 2 1 1 Low Security (%) 60 | 100 94 99 21 56 39 Level 1 39 | . 5 . 77 43 60 Level 2 . | . . . . . . Level 3 . | . . . . . . Level 4 . | . . . . . . Level 5 . | . . . . . . High Security . | . . . . . . Max Security . | . . . . . . Squads Dispatched 14 | . 5 1 5 . 3 Investigation 5 | . 2 1 1 . 1 Extermination . | . . . . . . Reinforcement 8 | . 3 . 4 . 1 Assault 1 | . . . . . 1 Garrison . | . . . . . . Intercept . | . . . . . . Construction Impeded . | . . . . . . Haulers Reinforced . | . . . . . . Stealth | -11 -10 -10 -9 -9 -8 --------- Run | Scr Mat Min Mat Min Mat Distress Signals 11 | . 3 . 5 . 3 Communications Jammed . | . . . . . . Distress Signals . | . . . . . . Times Spotted 147 | . 35 12 49 30 21 Peak Tracking Total 12 | . 4 3 5 12 9 Tactical Retreats 4 | . . . 2 2 . Traps | -11 -10 -10 -9 -9 -8 ------- Run | Scr Mat Min Mat Min Mat Traps Triggered 3 | . . . 3 . . Indirectly . | . . . . . . Trap Hack Attempts . | . . . . . . Triggered . | . . . . . . Disarmed . | . . . . . . Reprogrammed . | . . . . . . Reused . | . . . . . . Traps Extracted . | . . . . . . Installed . | . . . . . . Triggered . | . . . . . . Machines | -11 -10 -10 -9 -9 -8 ---------- Run | Scr Mat Min Mat Min Mat Machines Disabled 8 | . 1 1 3 . 3 Max in Single Turn 1 | . 1 . 1 . 1 Garrison Access 1 | . . . . . 1 Machines Sabotaged . | . . . . . . Garrisons Compromised . | . . . . . . Overloaded Fab Kills . | . . . . . . Fab Network Shutdowns . | . . . . . . Hacking | -11 -10 -10 -9 -9 -8 --------- Run | Scr Mat Min Mat Min Mat Machines Accessed 20 | . 6 1 12 . 1 Terminals 13 | . 5 1 7 . . Fabricators . | . . . . . . Repair Stations 3 | . 1 . 2 . . Recycling Units 2 | . . . 2 . . Scanalyzers 1 | . . . 1 . . Garrison Access 1 | . . . . . 1 Total Hacks 67 | . 27 2 34 . 4 Successful 39 | . 16 . 23 . . Failed 27 | . 11 2 10 . 4 Catastrophic 3 | . . 1 1 . 1 Database Lockouts 1 | . . . 1 . . Manual 33 | . 17 3 13 . . Terminals 48 | . 24 2 22 . . Fabricators . | . . . . . . Repair Stations 10 | . 3 . 7 . . Recycling Units 3 | . . . 3 . . Scanalyzers 2 | . . . 2 . . Garrison Access 4 | . . . . . 4 Terminal Hacks 17 | . 9 . 8 . . Part Schematic 3 | . 2 . 1 . . Robot Analysis 3 | . 2 . 1 . . Prototype ID Bank 1 | . 1 . . . . Branch Access Points 1 | . . . 1 . . Unreport Threat 1 | . 1 . . . . Locate Traps 1 | . . . 1 . . Recall Investigation 1 | . . . 1 . . Recall Reinforcements 1 | . . . 1 . . Hauler Manifests 2 | . 1 . 1 . . Registered Prototypes 1 | . 1 . . . . Zone Layout 2 | . 1 . 1 . . Fabricator Hacks . | . . . . . . Repair Station Hacks 9 | . 2 . 7 . . Scan Component 5 | . 1 . 4 . . Repair 4 | . 1 . 3 . . Recycling Unit Hacks 2 | . . . 2 . . Report Inventory 2 | . . . 2 . . Scanalyzer 2 | . . . 2 . . Insert Component 1 | . . . 1 . . Analyze 1 | . . . 1 . . Garrison Access Hacks . | . . . . . . Unauthorized Hacks 9 | . 5 . 4 . . Terminals 9 | . 5 . 4 . . Assimilate 2 | . 1 . 1 . . Botnet 5 | . 3 . 2 . . Operators 2 | . 1 . 1 . . Fabricators . | . . . . . . Repair Stations . | . . . . . . Recycling Units . | . . . . . . Scanalyzers . | . . . . . . Garrison Access . | . . . . . . Data Cores Recovered 2 | . . . 2 . . Used 2 | . . . 2 . . Hacking Detections 18 | . 6 1 10 . 1 Full Trace Events 5 | . 2 1 1 . 1 Feedback Events . | . . . . . . Feedback Blocked . | . . . . . . Robot Schematics Acquired . | . . . . . . Robots Built . | . . . . . . Matter . | . . . . . . Time . | . . . . . . Total Robot Build Rating . | . . . . . . Part Schematics Acquired 4 | . 2 . 2 . . Parts Built . | . . . . . . Matter . | . . . . . . Time . | . . . . . . Total Part Build Rating . | . . . . . . Parts Repaired 4 | . 1 . 3 . . Time 129 | . 26 . 103 . . Parts Recycled . | . . . . . . Recycled Matter . | . . . . . . Retrieved Matter . | . . . . . . Retrieved Components . | . . . . . . Parts Scanalyzed 1 | . . . 1 . . Part Schematics Acquired 1 | . . . 1 . . Parts Damaged 1 | . . . 1 . . Bothacking | -11 -10 -10 -9 -9 -8 ------------ Run | Scr Mat Min Mat Min Mat Used RIF Installer . | . . . . . . Robots Hacked . | . . . . . . Non-combat . | . . . . . . Combat . | . . . . . . Robot Hacks Applied . | . . . . . . Relay Couplers Released 1 | . . . . . 1 Machine Destruction 1 | . . . . . 1 Robots Rewired . | . . . . . . Allies Hacked . | . . . . . . Hacks Repelled . | . . . . . . Allies | -11 -10 -10 -9 -9 -8 -------- Run | Scr Mat Min Mat Min Mat Total Allies 5 | . 1 3 1 . . Largest Group 3 | . 1 3 3 1 . Highest-Rated Group 77 | . 10 77 77 10 . Highest-Rated Ally 31 | . 10 31 31 10 . Total Orders 12 | . 10 . 2 . . STAY 6 | . 5 . 1 . . FOLLOW 6 | . 5 . 1 . . Ally Attacks 40 | . . 20 20 . . Total Damage 592 | . . 253 339 . . Kills 10 | . . 4 6 . . Allies Corrupted . | . . . . . . Allies Melted . | . . . . . . Intel | -11 -10 -10 -9 -9 -8 ------- Run | Scr Mat Min Mat Min Mat Robot Analysis Total 3 | . 2 . 1 . . Derelict Logs Recovered 3 | . . 1 . 2 . Drone Launches . | . . . . . . Drone Recoveries . | . . . . . . Exploration | -11 -10 -10 -9 -9 -8 ------------- Run | Scr Mat Min Mat Min Mat Turns Passed 7222 | 279 1785 1085 2724 1141 208 Spaces Moved 3283 | 127 829 558 1150 533 86 Core . | . . . . . . Treads 2843 | 115 829 558 1150 191 . Legs 39 | 12 . . . . 27 Wheels 373 | . . . . 314 59 Hover . | . . . . . . Flight 28 | . . . . 28 . Fastest Speed 110 | 120 160 180 160 110 150 Average Speed 175 | 156 162 180 180 185 160 Slowest Speed 452 | 160 180 180 220 452 270 Overloaded Moves . | . . . . . . Propulsion Burnouts . | . . . . . . Robots Hopped . | . . . . . . Cave-ins Triggered . | . . . . . . Exploration Rate (%) 65 | 4 96 98 87 97 9 Regions Visited 5 Branch Regions 2 Pre-discovered Areas . | . . . . . . Known Exits Taken 1 | . . . 1 . . Unknown Exits Taken 4 | 1 1 1 . 1 . Scrap Searched 3 | . . 1 . 2 . Spaces Dug 9 | . 3 . 6 . . Terrain Destroyed 95 | . 32 2 15 46 . Melee . | . . . . . . Projectile 9 | . 3 . 6 . . AOE 86 | . 29 2 9 46 . Terrain Rammed . | . . . . . . Walls Destroyed . | . . . . . . Machines Disabled . | . . . . . . Actions | -11 -10 -10 -9 -9 -8 --------- Run | Scr Mat Min Mat Min Mat Total 4252 | 173 1099 614 1623 615 128 Wait 426 | 3 105 25 273 14 6 Move 3278 | 126 828 557 1149 532 86 Hop . | . . . . . . Pick Up 85 | 9 29 2 35 7 3 Fast Attach 29 | 1 6 2 9 5 6 Attach 18 | 2 . . 8 6 2 Detach 4 | . 1 . 1 2 . Swap 47 | . 12 6 22 5 2 Drop 88 | 7 28 8 33 5 7 Fire 273 | 25 90 14 91 39 14 Melee 1 | . . . . . 1 Ram . | . . . . . . Kick 1 | . . . . . 1 Crush 2 | . . . 2 . . Escape Stasis . | . . . . . . Rewire . | . . . . . . Trap . | . . . . . . Miscellaneous . | . . . . . . Route ------- -11/Scrapyard -10/Materials (discovered 5 exits: *Mat x3 / *Min x2) -10/Mines (discovered 2 exits: *Mat x2) -9/Materials (discovered 4 exits: *Mat x3 / *Min) -9/Mines (discovered 2 exits: *Mat x2) -8/Materials History --------- Turn | Location | Event 13 | -11/Scrapyard | Discovered new exit (range 3) 280 | -11/Scrapyard | Entered Materials 309 | -10/Materials | Build established: Mutant 468 | -10/Materials | Discovered new exit (range 7) 767 | -10/Materials | Discovered new exit (range 11) 933 | -10/Materials | Discovered new exit (range 16) 1273 | -10/Materials | Discovered new exit (range 14) 1654 | -10/Materials | Repaired Lgt. Treads 1837 | -10/Materials | Discovered new exit (range 14) 2065 | -10/Materials | Entered Mines 2212 | -10/Mines | Joined a pair of Derelicts in attacking an 0b10 outpost 2841 | -10/Mines | Discovered new exit (range 4) 2918 | -10/Mines | Learned 2 Materials zone layouts 2954 | -10/Mines | Escorted by a lone wolf Derelict 2961 | -10/Mines | Discovered new exit (range 9) 3150 | -10/Mines | Entered Materials 3150 | -9/Materials | Accompanied by 3 allies 3150 | -9/Materials | Evolved 2 slots: Utility x2 3159 | -9/Materials | Led the pair of lost Derelicts to an unsafe place 3464 | -9/Materials | Build established: Scavenger-Mutant 3539 | -9/Materials | Discovered new exit (range 5) 3934 | -9/Materials | Repaired Lgt. Armor Plating 3986 | -9/Materials | Repaired Cld. Ion Engine 4060 | -9/Materials | Discovered new exit (range 15) 4400 | -9/Materials | Build established: Mutant 4731 | -9/Materials | Build established: Hauler-Mutant 4915 | -9/Materials | Discovered new exit (range 11) 5208 | -9/Materials | Discovered new exit (range 14) 5257 | -9/Materials | Repaired Lgt. Armor Plating 5387 | -9/Materials | Identified exit to Mines 5428 | -9/Materials | Central database locked down 5874 | -9/Materials | Entered Mines 5874 | -9/Mines | Accompanied by 1 ally 5914 | -9/Mines | Lost 3 parts (2n1u) 5920 | -9/Mines | Met a Derelict bent on vengeance 5933 | -9/Mines | Learned Materials emergency access door positions 5990 | -9/Mines | Discovered new exit (range 5) 6063 | -9/Mines | Assembled infested the area 6671 | -9/Mines | Learned Materials trap positions 7002 | -9/Mines | Discovered new exit (range 10) 7015 | -9/Mines | Entered Materials 7015 | -8/Materials | Evolved 2 slots: Propulsion x1, Utility x1 7016 | -8/Materials | Loaded intel: 20 trap records 7223 | -8/Materials | Self-destructed Last Messages --------------- 07208_ Beamcaster destroyed. 07210_ Emergency Access malfunctions. 07212_ G-47 Trooper destroyed. 07213_ G-47 Trooper misfires. 07214_ Neutrino Reactor explodes. 07214_ Overheating: System interference. 07214_ EMP Blaster temporarily disabled. 07214_ Lrn. Terrain Scanner temporarily disabled. 07214_ Y-45 Defender shuts down. 07214_ Carbon-fiber Leg destroyed. 07214_ Destroyed Carbon-fiber Leg. 07214_ Imp. EM Pulse Cannon destroyed. 07214_ Kicked G-47 Trooper out of the way. 07214_ Carbon-fiber Leg destroyed. 07215_ G-47 Trooper misfires. 07218_ K-01 Serf collects debris. 07220_ G-47 Trooper IFF system glitched. 07222_ Carbon-fiber Leg destroyed. 07223_ K-01 Serf collects debris. 07223_ Imp. Heat Sink destroyed. Map ----- +----------------------------------------------------+ | | | | | | | | | | | | | | | ???????????????????#?#??????????#? | | ????????#??????##??????#?????????? | | ????????#?#????#????#???????????#? | | ?????????#?????#??????#?##???????? | | ???????????????#?#???????????????# | | ?#??????????????????????#?#????#?? | | ????????????????#???????????#????? | | ?#????????#?##????##########??#?#? | | ????????########### !!//#???????# | | ?????#??# ## []! /#??###??? | | ????????# "" """##][ | #??????? | | ?#??#???# "T """## ##??????? | | ????????# " """## ##????? | | ????????# o ## #???#??? | | #??# #### """## % #####? ? | | # / g * """###### #?####?? | | # %#gg """#??### #????? ? | | # =# g #??#?#=%[##??#??? | | # #@##+##########*%%######## | | # #g ==!% | | # kmg [=![ | | # # % = | | #! ####+###########+######### | | # |||#??????????## [#???? | | # |||???? ? ?????# !" #?"?? | | # |||?# ??????#??# " " #? ? | | #########????"??????# " " #???? | | ???????#???????#????# #???? | | ????#????? ??"?#????# """ !! #???? | | ????????????"??#????# """ ! #???? | | ????????#? ?? ???#??# """ # ??? | | ????????????????????# #???? | | ???????#???????????###########???? | | ????????????? ????#???????#?#??? ? | | ????#????????????#????#?#?#??#???? | | ?????????#???????#???????????????? | | ?????????#???^?????????????#?????? | | ?????????????????????????#???????? | | ??????????????????##?????????#???? | | ????????#??#????????????????#????? | | ???????????#???????#??????????#??# | | ?????????????????????????????????? | | ???????????????????????? ?#????#?? | +----------------------------------------------------+ Best States ------------- Heat Dissipation 45 Energy Generation 14 Energy Capacity 280 Matter Stores 300 Matter Capacity 300 Sight Range 16 Terrain Scan Range 24 Terrain Scan Density 10 Armor Coverage 150 Resistance: KI 20 Weapon Shielding 33 Evasion (%) 40 Recoil Reduction 2 Item Schematics ----------------- Hcp. Storage Unit | -10/Materials | Hacked Hcp. Battery | -10/Materials | Hacked Imp. Flight Unit | -9/Materials | Scanalyzed Hcp. Matter Pod | -9/Materials | Hacked Robot Schematics ------------------ None Fabricated ------------ Nothing Alien Tech Used ----------------- None Achievements -------------- None Challenges ------------ None Game ------ Seed BladeTargetDiverter Manual? 0 Play Time 01:02:22 Cumulative 23.3 hours Start 2020.10.09 @ 11:48:23 End 2020.10.09 @ 14:04:16 Sessions 5 Manual Loads 0 Difficulty Rogue Special Mode None Game No. 17 Rogue 17 Adventurer 0 Explorer 0 Win Type - Total 0 Types 0/0/0/0/0/0/0/0/0 Lore% 35 Gallery% 36 Achievement% 48 Wizard Run 0 Options --------- ASCII 0 Keyboard 1 Movement Numpad Keybinds 0 Fullscreen 1 Font 12/Terminus Map View 83x54 Tactical HUD 1 Map Filters NONE Filters NONE Steam 1 RUN: 353fc44d-63fe-48ff-9df4-b118e945e9ef